 Dungeon Sprint DCSS version 0.20-a0-1122-gb7cbeb9 (webtiles) character file.

2734 potatolord6000 the Blocker (level 9, -5/65 HPs)
             Began as a Gargoyle Fighter on May 11, 2017.
             Was an Initiate of Gozag.
             Slain by an orc knight
             ... wielding a +2 battleaxe
              (9 damage)
             ... in the Dungeon (Sprint III: "The Ten Rune Challenge").
             The game lasted 00:06:33 (1410 turns).

potatolord6000 the Blocker (Gargoyle Fighter)       Turns: 1410, Time: 00:06:34

Health: -5/65      AC: 14    Str: 24    XL:     9   Next: 67%
Magic:  8/8        EV: 14    Int:  8    God:    Gozag
Gold:   153        SH: 17    Dex: 16    Spells: 8/8 levels left

rFire    . . .     SeeInvis .   a - +0 flail
rCold    . . .     Gourm    .   c - +0 shield
rNeg     + . .     Faith    .   b - +0 scale mail
rPois    ∞         Spirit   .   (no helmet)
rElec    +         Reflect  .   (no cloak)
rCorr    .         Harm     .   (no gloves)
MR       .....     NoTele   +   (no boots)
Stlth    +.........             (no amulet)
Regen    0.2/turn               (no ring)
MPRegen  0.2/turn               (no ring)

@: agile, flying, very slightly contaminated, hasted, very quick
A: large bone plates 1, agile 1, low mp 1, negative energy resistance 1,
electricity resistance, unbreathing, petrification resistance, rot immunity, AC
+5
a: Potion Petition, Call Merchant, Bribe Branch, Renounce Religion


You were in the Dungeon.
You worshipped Gozag.
Gozag was aware of your devotion.
You were not hungry.

You visited 1 branch You collected 912 gold pieces.
You paid 759 gold pieces to Gozag.

Inventory:

Hand Weapons
 a - a +0 flail (weapon)
Armour
 b - a +0 scale mail (worn)
 c - a +0 shield (worn)
Scrolls
 g - a scroll of holy word
 h - 2 scrolls of identify
 m - 3 scrolls of remove curse
 o - 3 scrolls of torment {unknown}
Potions
 i - 2 potions of magic
 n - 3 potions of flight
Comestibles
 l - 4 royal jellies


   Skills:
 + Level 12.1 Fighting
 + Level 11.1 Maces & Flails
 + Level 12.2 Armour
 + Level 12.3 Shields


You had 8 spell levels left.
You didn't know any spells.

Dungeon Overview and Level Annotations

Branches:
Dungeon (1/1)

Altars:
Cheibriados
Dithmenos
Elyvilon
Fedhas
Gozag
Hepliaklqana
Kikubaaqudgha
Makhleb
Nemelex Xobeh
Okawaru
Qazlal
Ru
Sif Muna
Trog
Uskayaw
Vehumet
Wu Jian
Xom
Yredelemnul
Zin
The Shining One
Beogh
Jiyva
Lugonu


Innate Abilities, Weirdness & Mutations

You are resistant to torment.
Your stone body is resilient. (AC +5)
You are immune to poison.
You resist negative energy. (rN+)
You are resistant to electric shocks. (rElec)
You can survive without breathing.
You are immune to petrification.
You are immune to rotting.
You are partially covered in large bone plates. (SH +4)
You are agile. (Dex +2)
Your magical capacity is low. (-10% MP)


Message History

The orc knight is lightly wounded.
The orc warrior no longer looks unusually strong.
The orc knight roars a battlecry!
The orc warrior goes into a battle-frenzy!
You hit the orc knight.
The orc knight is moderately wounded.
You feel yourself speed up.
You feel a little less mighty now. The orc warrior closely misses you.
You block the orc knight's attack.
You hit the orc knight but do no damage.
The orc knight is moderately wounded.
The orc no longer looks unusually strong.
You sock the orc knight!
The orc knight is moderately wounded.
You block the orc warrior's attack.
You hit the orc knight but do no damage.
The orc knight is moderately wounded.
The orc priest no longer looks unusually strong.
The orc knight hits you with an enchanted battleaxe!
You die...
Your body crumbles into a pile of gold.

##.############ #$ ##
#..#___#___#__##$####$$$
#..#.).#__.#._#o.oo....
#..###'#)###)##oo{o...
#..#..........#o.ooo
...'.⌠........#o#o#$$$$$$
...#...######'#o$# $
...#.⌠.#__#...#o##############
...#...#__#...#o@..#.#.#..)..#
...#)###__#...##.#..#.##)###.# .
...#$§§#__#...)##.#.#.##.#.)##...
...#___#__+..)#...#..#..##..+....
▓▓▓▓▓▓▓▓▓▓▓▓▓▓▓▓▓▓▓▓▓▓▓▓▓▓▓▓#....
.s.. ... ... ##


You could see 2 orc knights, an orc warrior, 2 orc priests and 2 orcs.

Vanquished Creatures
  Erolcha (D)
  A deep elf mage (D)
  A shadow (D)
  A spatial vortex (D)
  A necrophage (D)
  5 two-headed ogres (D)
  A water elemental (D)
  A jelly (D)
  Crazy Yiuf (D)
  A wizard (D)
  Jessica (D)
  A necromancer (D)
  3 humans (D)
  A kobold demonologist (D)
  An ooze (D)
  2 rats (D)
23 creatures vanquished.

Vanquished Creatures (others)
  2 draconian scorchers (D)
  A hydra (D)
  6 hellions (D)
  A yaktaur (D)
  3 plants (D)
13 creatures vanquished.

Grand Total: 36 creatures vanquished

Notes
Turn   | Place    | Note
-------+----------+-------------------------------------------
     0 | D        | potatolord6000 the Gargoyle Fighter began the quest for the Orb.
     0 | D        | Reached XP level 1. HP: 14/14 MP: 1/1
    57 | D        | Noticed Jessica
    62 | D        | Killed a yaktaur
    73 | D        | Killed Jessica
    73 | D        | Reached XP level 2. HP: 17/20 MP: 2/2
    73 | D        | Reached XP level 3. HP: 20/24 MP: 3/3
    85 | D        | Noticed Crazy Yiuf
    91 | D        | Killed Crazy Yiuf
    91 | D        | Reached skill level 5 in Fighting
    91 | D        | Reached skill level 5 in Armour
    91 | D        | Reached skill level 5 in Shields
    91 | D        | Reached XP level 4. HP: 31/31 MP: 4/4
   102 | D        | Noticed a water elemental
   112 | D        | Killed a water elemental
   112 | D        | Reached skill level 5 in Maces & Flails
   112 | D        | Reached XP level 5. HP: 18/36 MP: 5/5
   115 | D        | Found a glowing silver altar of Zin.
   116 | D        | Found a glowing golden altar of the Shining One.
   116 | D        | Found a white marble altar of Elyvilon.
   116 | D        | Noticed a deep elf mage
   133 | D        | Killed a deep elf mage
   133 | D        | Reached XP level 6. HP: 27/46 MP: 6/6
   133 | D        | Reached XP level 7. HP: 30/51 MP: 7/7
   144 | D        | Killed a hellion
   146 | D        | Killed a white draconian scorcher
   161 | D        | Gained mutation: You are dopey. (Int -2) [potion of mutation]
   161 | D        | Gained mutation: You are agile. (Dex +2) [potion of mutation]
   161 | D        | Gained mutation: You possess an exceptional clarity of mind. [potion of mutation]
   161 | D        | Gained mutation: Your spells are a little harder to cast, but a little more powerful. [potion of mutation]
   161 | D        | Killed a white draconian scorcher
   162 | D        | Lost mutation: You possess an exceptional clarity of mind. [potion of mutation]
   162 | D        | Lost mutation: You are agile. (Dex +2) [potion of mutation]
   162 | D        | Gained mutation: You are very dopey. (Int -4) [potion of mutation]
   162 | D        | Gained mutation: You have supernaturally acute eyesight. (SInv) [potion of mutation]
   163 | D        | Lost mutation: You are very dopey. (Int -4) [potion of mutation]
   163 | D        | Lost mutation: Your spells are a little harder to cast, but a little more powerful. [potion of mutation]
   163 | D        | Lost mutation: You have supernaturally acute eyesight. (SInv) [potion of mutation]
   163 | D        | Gained mutation: Your magical capacity is low. (-10% MP) [potion of mutation]
   163 | D        | Lost mutation: You are dopey. (Int -2) [potion of mutation]
   163 | D        | Gained mutation: You are partially covered in large bone plates. (SH +4) [potion of mutation]
   163 | D        | Gained mutation: You are agile. (Dex +2) [potion of mutation]
   177 | D        | Killed a hellion
   177 | D        | Killed a hellion
   177 | D        | Killed a hellion
   178 | D        | Killed a hellion
   179 | D        | Killed a hellion
   259 | D        | Found a radiant altar of Vehumet.
   259 | D        | Found a deep blue altar of Sif Muna.
   259 | D        | Found an ancient bone altar of Kikubaaqudgha.
   269 | D        | Noticed an ice devil
   285 | D        | Noticed a hellwing
   374 | D        | Killed an eight-headed hydra
   456 | D        | Found an ornate altar of the Wu Jian Council.
   456 | D        | Found a roughly hewn altar of Beogh.
   456 | D        | Found an iron altar of Okawaru.
   456 | D        | Found a bloodstained altar of Trog.
   456 | D        | Found a hide-covered altar of Uskayaw.
   456 | D        | Noticed a human
   458 | D        | Noticed a human
   475 | D        | Killed a human
   482 | D        | Killed a human
   482 | D        | Reached skill level 10 in Armour
   482 | D        | Reached skill level 10 in Shields
   482 | D        | Reached XP level 8. HP: 15/57 MP: 7/7
   678 | D        | Found a basalt altar of Yredelemnul.
   678 | D        | Found a shadowy altar of Dithmenos.
   678 | D        | Found a sacrificial altar of Ru.
   688 | D        | Reached skill level 10 in Fighting
   832 | D        | Noticed a shadow
   841 | D        | Killed a shadow
   957 | D        | Found a blossoming altar of Fedhas.
   957 | D        | Found a stormy altar of Qazlal.
   957 | D        | Found a snail-covered altar of Cheibriados.
   957 | D        | Found a burning altar of Makhleb.
   957 | D        | Found a shimmering altar of Xom.
   958 | D        | Found a hazy altar of Hepliaklqana.
   958 | D        | Found an opulent altar of Gozag.
   958 | D        | Found a sparkling altar of Nemelex Xobeh.
   958 | D        | Found a corrupted altar of Lugonu.
   958 | D        | Found a viscous altar of Jiyva.
   985 | D        | Became a worshipper of Gozag Ym Sagoz the Greedy
  1318 | D        | Noticed a two-headed ogre
  1341 | D        | Killed a two-headed ogre
  1341 | D        | Reached skill level 10 in Maces & Flails
  1341 | D        | Reached XP level 9. HP: 60/64 MP: 8/8
  1356 | D        | Noticed Erolcha
  1357 | D        | Noticed a two-headed ogre
  1364 | D        | Killed Erolcha
  1369 | D        | Killed a two-headed ogre
  1393 | D        | Noticed an orc knight
  1394 | D        | Noticed an orc knight
  1404 | D        | HP: 3/65 [orc priest/nerve-wracking pain (5)]
  1410 | D        | Slain by an orc knight

Vault maps used:
D:        dungeon_sprint_mu

Skill      XL: |  1  2  3  4  5  6  7  8  9 |
---------------+----------------------------+-----
Fighting       | 4 5 6 9 11 12 | 12.1
Maces & Flails | 3 4 5 8 10 11 | 11.1
Armour         | 4 5 6 9 10 11 12 | 12.2
Shields        | 4 5 6 9 10 11 12 | 12.3

Action                   |  1- 3 |  4- 6 |  7- 9 || total
-------------------------+-------+-------+-------++-------
Melee: Flail             |    22 |    30 |   172 ||   224
Invok: Potion Petition   |       |       |     2 ||     2
  Use: Potion            |     3 |       |     7 ||    10
       Scroll            |       |       |     3 ||     3
  Eat: Bread ration      |       |       |     1 ||     1
Armor: Scale mail        |     7 |     6 |    39 ||    52
Dodge: Dodged            |    11 |     4 |    47 ||    62
Block: Shield            |    15 |    10 |   128 ||   153
